cohdb
Replays
Latest Replays
All Replays
Popular Replays
Top Player Replays
Match Explorer
How It Works
Community
CoH3 Stats
Reddit
Sign in to upload your games and track your stats! →
Sign in with Steam
Match 46717806
Unlisted
Match 46717806
Overview
Messages
Build Orders
End
Vickers Machine Gun Team
Royal Engineer Section
Selects Canadian Shock Battlegroup
Construct Section Command Post
Infantry Section
Infantry Section
Construct Field Infirmary
Grenade Package
Construct Platoon Command Post
Selects Incendiary Munitions
Selects Pyrotechnics
CMP 15cwt Truck
Unlock Bishop Self-propelled Artillery
Royal Engineer Section
Unlock M3 Stuart Light Tanks
M3 Stuart Light Tank
Royal Engineer Section
BeefCake
corporatepolicies
Kray-Tos
Sil
Space Cookie
SockyMouse
0
0
Comments
sign in to comment!
No comments posted yet!